Map: Ever Dream LE

Players

antagomiR - Winner!

  • Race: Protoss Protoss
  • League: Gold
  • Spawn Location: 1:00

Zafner

  • Race: Terran Terran
  • Spawn Location: 7:00

VOD

Have the link to the VOD?

Description

Time

  • Played on: April 9, 2020, 11:35 p.m.
  • Length: 19:11
Show
View Real Time Build Order
Export as new Build Order

antagomiR Protoss - Winner!

Build Orders:  

Get SALT Encoding   

  12  0:01  Probe  
  13  0:13  Probe  
  14  0:18  Pylon  
  14  0:25  Probe  
  15  0:38  Gateway  
  15  0:40  Probe  
  16  0:52  Probe  
  17  0:57  Assimilator  
  17  1:05  Probe  
  17  1:11  Assimilator  
  18  1:17  Probe  
  19  1:29  Probe  
  19  1:30  Cybernetics Core  
  20  1:34  Pylon  
  20  1:41  Probe  
  21  1:53  Probe  
  22  2:05  Warp Gate (Chrono Boost), Probe  
  22  2:07  Robotics Facility  
  23  2:15  Stalker  
  23  2:18  Probe  
  26  2:30  Probe  
  27  2:44  Nexus  
  27  2:48  Pylon  
  27  2:49  Probe  
  30  3:00  Stalker  
  30  3:01  Probe  
  31  3:07  Shield Battery  
  31  3:13  Probe  
  32  3:20  Observer  
  32  3:26  Probe  
  34  3:38  Probe  
  35  3:42  Immortal  
  35  3:46  Pylon  
  39  3:56  Probe  
  39  4:00  Probe  
  41  4:07  Stalker  
  41  4:08  Probe  
  44  4:12  Probe  
  45  4:20  Probe  
  45  4:21  Observer  
  45  4:24  Gateway x2  
  47  4:27  Probe  
  48  4:32  Probe  
  48  4:35  Pylon, Sentry  
  51  4:39  Probe  
  51  4:45  Probe  
  53  4:51  Probe  
  54  4:57  Probe  
  54  4:59  Sentry  
  57  5:03  Probe  
  58  5:09  Probe  
  58  5:13  Immortal  
  63  5:15  Probe  
  63  5:21  Probe  
  65  5:27  Probe, Pylon  
  66  5:29  Forge  
  66  5:30  Sentry x2  
  70  5:36  Assimilator  
  70  5:40  Pylon  
  70  5:45  Probe x2  
  72  5:52  Immortal  
  76  5:57  Probe x2  
  76  5:58  Pylon  
  76  5:59  Assimilator  
  76  6:01  Protoss Ground Weapons Level 1 (Chrono Boost)  
  78  6:04  Twilight Council  
  78  6:09  Probe x2  
  80  6:21  Probe x2  
  82  6:33  Probe x2  
  84  6:43  Charge (Chrono Boost), Zealot  
  84  6:44  Zealot x2  
  84  6:45  Probe  
  91  6:52  Phoenix  
  91  6:55  Templar Archives  
  91  7:05  Probe  
  91  7:06  Probe  
  93  7:18  Probe  
  94  7:34  Nexus  
  94  7:36  Pylon  
  94  7:37  Pylon  
  94  7:38  Pylon  
  94  7:39  Pylon  
  94  7:54  Probe x2, Observer  
  97  8:00  Stargate  
  97  8:04  Shield Battery  
  97  8:05  Stargate  
  97  8:06  Probe x2, Shield Battery  
  97  8:08  Stargate  
  97  8:10  Pylon  
  97  8:11  Protoss Ground Weapons Level 2 (Chrono Boost)  
  99  8:14  Stalker  
  99  8:15  Stalker x2  
  99  8:18  Probe x2  
  107  8:26  Gateway x2  
  107  8:30  Probe  
  107  8:33  Photon Cannon  
  108  8:36  Photon Cannon  
  108  8:37  Phoenix  
  108  8:38  Shield Battery  
  108  8:43  Photon Cannon, Void Ray  
  108  8:47  Gateway x2  
  112  8:51  Gateway  
  112  8:52  Stalker x2  
  112  8:53  Gateway, Stalker  
  118  8:58  Colossus  
  118  9:04  Void Ray  
  122  9:12  Assimilator  
  122  9:18  Assimilator  
  122  9:22  Pylon  
  122  9:25  Photon Cannon  
  122  9:28  Photon Cannon, Stalker x2  
  122  9:29  Photon Cannon  
  126  9:32  Probe  
  126  9:33  Probe  
  128  10:00  Stalker x3  
  128  10:01  Stalker x3  
  140  10:10  Void Ray  
  140  10:11  Void Ray  
  148  10:18  Observer  
  149  10:37  Zealot x4  
  157  10:56  Pylon  
  157  10:58  Pylon  
  157  11:01  Pylon  
  157  11:08  Pylon  
  157  11:12  Void Ray x2 (Chrono Boost)  
  157  11:15  Void Ray (Chrono Boost)  
  169  11:47  Void Ray  
  169  11:50  Stalker x3  
  169  11:51  Stalker x4  
  169  11:52  Stalker  
  189  11:58  Blink  
  189  12:06  Photon Cannon  
  189  12:08  Photon Cannon  
  189  12:28  Pylon  
  189  12:30  Pylon  
  189  12:32  Nexus  
  189  12:33  Pylon  
  189  12:36  Pylon  
  189  12:38  Pylon  
  189  12:39  Pylon  
  189  12:42  Pylon  
  189  13:11  Stalker x4  
  189  13:12  Stalker  
  199  13:26  Shield Battery  
  199  13:28  Shield Battery  
  199  13:30  Photon Cannon  
  199  13:35  Photon Cannon  
  199  13:39  Photon Cannon  
  199  13:41  Assimilator  
  199  13:43  Assimilator  
  199  13:58  Fleet Beacon  
  197  14:27  Photon Cannon  
  179  14:48  Stalker x2  
  179  14:49  Stalker x4  
  179  14:50  Stalker x3  
  177  15:09  Void Ray  
  177  15:10  Void Ray x2  
  189  15:22  Stalker x5  
  199  15:42  Probe  
  200  16:38  Pylon  
  128  17:28  Stalker x3  
  128  17:29  Stalker x4  
  142  17:30  Stalker x2  
Show
View Real Time Build Order
Export as new Build Order

Zafner Terran 

Build Orders:  

Get SALT Encoding   

  12  0:11  Supply Depot  
  12  0:25  Supply Depot  
  12  0:36  Barracks  
  12  0:43  SCV  
  12  0:48  Refinery  
  13  0:55  SCV  
  14  1:09  SCV  
  15  1:23  Orbital Command  
  15  1:25  Marine  
  16  1:38  Bunker  
  16  1:42  Refinery  
  16  1:47  Bunker  
  16  1:57  SCV  
  17  2:02  Barracks Reactor  
  17  2:09  SCV  
  18  2:28  Bunker  
  18  2:33  Bunker  
  18  2:46  Marine x2  
  20  2:53  Factory  
  20  2:57  SCV  
  21  3:04  Marine x2  
  23  3:09  SCV  
  24  3:21  Marine, SCV  
  24  3:22  Marine  
  27  3:38  Starport, Factory Tech Lab  
  27  3:39  Marine x2  
  29  3:57  Marine x2  
  31  4:18  Starport  
  31  4:19  Starport Tech Lab  
  31  4:33  Supply Depot  
  31  4:54  Marine x2  
  31  4:55  Fusion Core, Siege Tank  
  31  4:56  Supply Depot  
  36  5:05  Armory  
  36  5:08  SCV  
  36  5:12  Marine x2  
  39  5:15  Starport Tech Lab  
  39  5:18  Supply Depot  
  39  5:20  SCV  
  40  5:27  Siege Tank  
  43  5:32  SCV  
  44  5:41  Supply Depot  
  44  6:01  Engineering Bay  
  44  6:03  Supply Depot  
  44  6:23  Battlecruiser  
  50  6:28  Weapon Refit  
  50  6:32  Marine  
  51  7:09  Supply Depot  
  51  7:11  Command Center  
  51  7:13  Supply Depot  
  51  7:22  Terran Ship Weapons Level 1  
  51  8:13  Supply Depot  
  51  8:14  Battlecruiser  
  57  9:05  Refinery, Orbital Command  
  57  9:09  Refinery  
  57  9:14  Siege Tank  
  60  9:18  Command Center  
  60  9:27  Barracks  
  60  9:33  SCV  
  61  9:44  Battlecruiser  
  67  9:46  Siege Tank  
  70  9:57  Terran Ship Weapons Level 2  
  70  10:11  SCV  
  71  10:23  SCV  
  71  10:26  Supply Depot, Barracks Reactor  
  72  10:35  SCV  
  73  10:49  Barracks  
  73  11:09  Refinery  
  73  11:13  Battlecruiser  
  79  11:23  Battlecruiser  
  85  11:29  Siege Tank  
  85  11:30  Marine x2  
  89  11:38  Bunker  
  88  11:41  Bunker  
  83  11:48  Marine x2, Bunker  
  85  12:06  Marine x2  
  87  12:24  Marine x2  
  89  12:41  Marine  
  89  12:42  Marine  
  91  12:48  Battlecruiser  
  98  12:59  Marine, Barracks Reactor  
  98  13:00  Marine  
  99  13:21  Marine x2  
  101  13:39  Marine x2  
  103  14:59  Marine x4  
  71  16:37  Marine x2  
Tags
 
League
Gold
Matchup
PvT
Replay Pack
20200422
Spawn Locations
Cross Positions
Add a new tag
Caveats
  • Supply blocks, unpowered buildings, or Contaminate may cause inaccurate times.
  • Supply counts are checked every 10 seconds.